Map: King's Cove LE

Players

mango - Winner!

  • Race: Terran Terran
  • League: Master
  • Spawn Location: 11:00

Mez

  • Race: Terran Terran
  • League: Master
  • Spawn Location: 5:00

VOD

Have the link to the VOD?

Description

Time

  • Played on: Aug. 6, 2019, 4:47 p.m.
  • Length: 7:41
Show
View Real Time Build Order
Export as new Build Order

mango Terran - Winner!

Build Orders:  

Get SALT Encoding   

  12  0:01  SCV  
  13  0:13  SCV  
  14  0:18  Supply Depot  
  14  0:25  SCV  
  15  0:29  Refinery  
  15  0:39  SCV  
  16  0:46  Barracks  
  16  0:52  SCV  
  16  0:56  Refinery  
  17  1:04  SCV  
  18  1:16  SCV  
  19  1:32  Orbital Command  
  19  1:33  Reaper  
  20  1:42  Factory  
  20  1:50  Supply Depot  
  20  1:58  SCV  
  21  2:05  Reaper  
  22  2:10  SCV  
  23  2:22  Command Center  
  23  2:28  Hellion  
  25  2:34  Supply Depot  
  25  2:36  SCV  
  26  2:41  Barracks Reactor  
  26  2:48  SCV  
  26  2:49  Hellion  
  29  3:00  SCV, Starport  
  30  3:10  Factory Tech Lab  
  30  3:12  SCV  
  31  3:18  Marine x2  
  33  3:24  SCV  
  34  3:27  Barracks  
  34  3:31  Siege Tank  
  37  3:36  SCV  
  38  3:44  Orbital Command  
  38  3:48  SCV, Starport Tech Lab  
  37  3:49  Marine x2  
  40  4:07  SCV  
  38  4:13  Marine x2  
  38  4:15  Raven  
  40  4:17  SCV  
  40  4:19  SCV  
  40  4:22  Barracks Tech Lab  
  42  4:26  Refinery  
  42  4:28  Supply Depot  
  42  4:29  SCV  
  43  4:31  SCV  
  43  4:35  Marine  
  43  4:36  Marine  
  46  4:40  Stimpack, Marine  
  46  4:41  SCV  
  46  4:44  SCV  
  49  4:51  Supply Depot  
  49  4:53  SCV, Marine x2  
  49  4:56  SCV  
  53  5:05  SCV, Marine, Supply Depot  
  53  5:06  Raven  
  57  5:08  SCV  
  58  5:16  Marine x2  
  58  5:17  SCV  
  58  5:20  SCV  
  62  5:24  Barracks  
  62  5:25  Barracks  
  62  5:26  Marine  
  62  5:28  Siege Tank, Barracks  
  66  5:30  SCV  
  66  5:32  SCV, Supply Depot  
  69  5:42  SCV  
  69  5:44  SCV, Marine  
  69  5:48  Refinery  
  71  5:50  Supply Depot  
  71  5:54  SCV  
  72  6:03  Marine x2  
  72  6:10  Medivac x2  
  75  6:11  SCV x2  
  75  6:16  Barracks Reactor x3  
  76  6:21  Marine  
  76  6:24  SCV x2  
  79  6:30  Marine  
  80  6:35  Supply Depot  
  80  6:36  SCV x2  
  80  6:37  Command Center  
  80  6:39  Marine  
  86  6:40  Siege Tank  
  86  6:49  Supply Depot  
  86  6:51  Medivac  
  86  6:53  Marine x4  
  92  6:54  Marine  
  92  6:56  Marine  
  94  7:20  Marine x7  
  94  7:21  Marine  
Show
View Real Time Build Order
Export as new Build Order

Mez Terran 

Build Orders:  

Get SALT Encoding   

  12  0:01  SCV  
  13  0:13  SCV  
  14  0:18  Supply Depot  
  14  0:25  SCV  
  15  0:39  SCV  
  15  0:41  Barracks  
  16  0:47  Refinery  
  16  0:52  SCV  
  17  1:04  SCV  
  18  1:16  SCV  
  19  1:30  Marine, Orbital Command  
  20  1:45  Command Center  
  20  1:49  Marine  
  21  1:58  Factory  
  21  2:03  SCV  
  22  2:09  Barracks Reactor  
  22  2:13  Supply Depot  
  22  2:18  SCV  
  23  2:23  Refinery  
  23  2:35  SCV  
  26  2:44  Hellion, Starport  
  26  2:47  SCV  
  26  2:49  Marine  
  26  2:50  Marine  
  29  2:58  Orbital Command  
  29  3:00  SCV  
  30  3:08  Factory Tech Lab  
  30  3:09  Marine x2  
  30  3:12  SCV  
  33  3:22  Starport Tech Lab  
  33  3:24  SCV x2  
  35  3:29  Marine x2  
  35  3:31  Cyclone  
  38  3:47  SCV x2  
  38  3:48  Refinery  
  40  3:51  Marine x2  
  40  3:52  Supply Depot  
  42  4:08  SCV  
  42  4:09  Cyclone  
  46  4:14  Raven, Marine x2  
  51  4:17  SCV  
  51  4:20  SCV  
  51  4:21  Supply Depot  
  52  4:29  SCV  
  53  4:32  Marine  
  54  4:39  Command Center  
  54  4:43  SCV x2, Marine  
  54  4:45  Siege Tank  
  60  4:55  SCV x2  
  62  5:03  Supply Depot  
  62  5:13  Supply Depot  
  62  5:24  Raven, Marine x2, Barracks x2  
  62  5:25  SCV x2  
  62  5:27  Supply Depot  
  68  5:35  Siege Tank  
  71  5:37  SCV  
  71  5:38  Supply Depot  
  71  5:40  SCV  
  73  5:49  SCV  
  74  5:51  Engineering Bay  
  74  5:52  Orbital Command  
  74  5:53  Engineering Bay, SCV  
  75  6:02  SCV, Marine x2  
  78  6:05  SCV  
  78  6:07  Raven, Siege Tank  
  78  6:11  Supply Depot  
  84  6:13  Barracks Reactor x2  
  84  6:17  SCV x2  
  86  6:18  Refinery  
  86  6:22  Orbital Command  
  86  6:29  SCV  
  86  6:30  SCV  
  90  6:40  Siege Tank  
  90  6:41  SCV  
  90  6:42  SCV  
  90  6:47  Barracks  
  93  6:48  Barracks  
  93  6:51  Marine x2  
  93  6:53  SCV  
  96  6:58  SCV x2  
  96  7:10  Viking x2, Marine x2  
  96  7:12  Marine x3  
Tags
 
Add a new tag
Caveats
  • Supply blocks, unpowered buildings, or Contaminate may cause inaccurate times.
  • Supply counts are checked every 10 seconds.